AoeStats
← RegularPeruvian

Arabia

509773969Analyzed
1v1 RM · 4d ago on Sep 28, 2026· 34m 32s· 2 players
Game mode
Random Map
Map size
Tiny (2 player)
Population
200
Speed
Normal
Resources
Standard
Victory
Conquest
Starting age
Dark Age
Ending age
Imperial Age
RankedLock teamsTeams togetherTeam positionsShared explorationLock speedFull tech treeHidden civsTurbo modeCheats
Victory
Defeat
🇵🇪 Japanese · Peru
847
+15
🇪🇨 Bulgarians · Ecuador
816
-15
Minglis
7:37 Loom
14:47 Feudal Age
24:31 Castle Age
26:31 Arson
27:06 Forging
26:57 Scale Mail Armor
31:38 Gambesons
RegularPeruvian
13:16 Feudal Age
11:48 Loom
20:45 Fletching
21:57 Gold Mining
29:31 Castle Age
28:08 Padded Archer Armor
30:06 Crossbowman
33:01 Gold Shaft Mining
32:17 Double-Bit Axe
32:39 Bodkin Arrow
33:13 Stone Mining
Connection lost

Rejoining the realm…

Still unreachable

The connection could not be restored.

Session expired

The server has moved on; the page needs a fresh start.